 Dungeon Crawl Stone Soup version 0.31.0-9-g3a7656b989 (webtiles) character file.

Game seed: 513068339862664307

43 qw the Shooter (level 3, 0/20 HPs)
             Began as a Deep Elf Hunter on Feb 2, 2024.
             Succumbed to a goblin's poison
             ... on level 2 of the Dungeon.
             The game lasted 00:00:02 (831 turns).

qw the Shooter (Deep Elf Hunter)                     Turns: 831, Time: 00:00:03

Health: 0/20       AC:  5    Str: 10    XL:     3   Next: 37%
Magic:  5/5        EV: 11    Int: 13    God:
Gold:   39         SH:  0    Dex: 18    Spells: 2/2 levels left

rFire   . . .        a - +1 shortbow
rCold   . . .        (shield currently unavailable)
rNeg    . . .        f - +0 ring mail
rPois   .            (no helmet)
rElec   .            (no cloak)
rCorr   .            (no gloves)
SInv    .            (no boots)
Will    .....        (no amulet)
Stlth   +            (no ring)
HPRegen 0.23/turn    (no ring)
MPRegen 0.09/turn

%: no passive effects
@: lethally poisoned (0 -> -19)
A: no striking features
a: no special abilities


You were on level 2 of the Dungeon.
You visited 1 branch of the dungeon, and saw 2 of its levels.

You collected 39 gold pieces.


   Skills:
 - Level 1.5 Fighting
 + Level 6.9 Ranged Weapons
 - Level 2.4 Dodging
 - Level 1.2 Stealth


You had 2 spell levels left.
You didn't know any spells.
Your spell library was empty.

Inventory:

Hand Weapons
 a - a +1 shortbow (weapon)
Armour
 f - a +0 ring mail (worn)
Potions
 d - a potion of curing {unknown}
 e - a potion of haste {unknown}

Dungeon Overview and Level Annotations

Branches:
Dungeon (2/15)

Altars:


Message History

Robin hits you but does no damage.
The goblin moves out of view.
You shoot an arrow. The arrow hits Robin!
You kill Robin!
A hobgoblin comes into view.
You shoot an arrow. The arrow closely misses the goblin.
The goblin hits you but does no damage.
A goblin comes into view. It is wielding a +0 dagger.
You shoot an arrow. The arrow hits the goblin.
You kill the goblin!
You shoot an arrow. The arrow completely misses the goblin.
The goblin unwields a +0 dagger.
The goblin wields a +0 sling.
The goblin shoots a sling bullet.
The sling bullet hits you. The goblin hits you but does no damage.
You are poisoned.
The goblin misses you. The goblin barely misses you.
You shoot an arrow. The arrow hits the goblin!
You kill the goblin!
You feel very sick.
The goblin no longer looks unusually strong.
The goblin shoots a sling bullet.
The sling bullet hits you. The goblin hits you with a +0 dagger.
The goblin closely misses you.
You shoot an arrow. The arrow closely misses the hobgoblin.
You feel sick. The goblin closely misses you.
The goblin hits you but does no damage.
You are more poisoned.
The goblin shoots a sling bullet.
The sling bullet barely misses you.
You shoot an arrow. The arrow hits the hobgoblin.
The hobgoblin is severely wounded.
You feel very sick.
The goblin no longer looks unusually strong. x2
The goblin hits you but does no damage. x2; The hobgoblin closely misses you.
You shoot an arrow. The arrow hits the hobgoblin.
You kill the hobgoblin!
You feel sick.
The goblin hits you with a +0 dagger of venom.
You are more poisoned.
The goblin hits you but does no damage.
You shoot an arrow. The arrow hits the goblin.
You kill the goblin!
You die...

###### #....#
#....####
#.......
##..gg.##
#.ggg@..#
..)..g#)#...#
....)
#<###...#
.... #..# #..
... ##)# . ..
#.# . #.# #.#
...


You could see 2 hobgoblins and 4 goblins.

Vanquished Creatures
  Robin (D:2)
  A ball python (D:1)
  An endoplasm (D:1)
  A giant cockroach (D:1)
  11 goblins
  7 hobgoblins
  2 kobolds (D:1)
  A quokka (D:1)
  2 rats (D:1)
27 creatures vanquished.

Notes
Turn   | Place    | Note
-------+----------+-------------------------------------------
     0 | D:1      | qw the Deep Elf Hunter began the quest for the Orb.
     0 | D:1      | Reached XP level 1. HP: 12/12 MP: 3/3
     0 | D:1      | 0 ||| qw: Version: 0.3-a-155-g5e7d8dd
     0 | D:1      | 0 ||| qw: Game counter: 82
     0 | D:1      | 0 ||| qw: Melee chars always use a shield: true
     0 | D:1      | 0 ||| qw: God list: Okawaru
     0 | D:1      | 0 ||| qw: Allow faded altars: false
     0 | D:1      | 0 ||| qw: Do Orc after clearing Dungeon:15 true
     0 | D:1      | 0 ||| qw: Do second Lair branch before Depths: true
     0 | D:1      | 0 ||| qw: Lair rune preference: random
     0 | D:1      | 0 ||| qw: Goals: Normal
     0 | D:1      | 0 ||| PLANNING D:1-11
   138 | D:1      | Reached XP level 2. HP: 16/16 MP: 4/4
   197 | D:1      | Reached skill level 6 in Ranged Weapons
   681 | D:1      | 681 ||| UPGRADING to +0 ring mail.
   691 | D:1      | 691 ||| DROPPING +0 leather armour.
   692 | D:1      | 692 ||| READING scroll labelled AQOS RIJONLU.
   692 | D:1      | 692 ||| ENCHANTING +0 shortbow.
   693 | D:1      | 693 ||| READING scroll labelled ENULUF MAKAMPULYSU.
   697 | D:1      | 697 ||| READING scroll labelled YCHISUNUFY.
   798 | D:1      | 798 ||| DROPPING scroll of butterflies.
   813 | D:2      | Noticed Robin
   817 | D:2      | Reached XP level 3. HP: 20/20 MP: 5/5
   823 | D:2      | Killed Robin
   830 | D:2      | HP: 5/20 [goblin/+0 dagger of venom[Robin] (2)]
   831 | D:2      | Succumbed to a goblin's poison

Levels and vault maps discovered:
D:1:      dpeg_arrival_rhombus, layout_loops_ring
D:2:      layout_rooms, ebering_ecumenical_altar_webs, basic_altar,
          minivault_14, minmay_box_of_dots, uniq_robin

Skill      XL: |  1  2 |
---------------+-------+-----
Ranged Weapons | 6 |  6.9
Fighting       | |  1.5
Dodging        | |  2.4
Stealth        | |  1.2

Action                     || total
---------------------------++-------
   Fire: Shortbow          ||    70
    Use: Scroll            ||     3
 Armour: Leather armour    ||     6
         Ring mail         ||    11
  Dodge: Dodged            ||     9

Table legend:
 A = Non-vault XP
 B = Vault XP
 C = Vault XP percentage of total XP
 D = Non-vault monster count
 E = Vault monster count
 F = Vault count percentage of total count
                 A         B        C        D         E       F
            +---------+---------+-------+---------+---------+-------
      Total |      40 |      24 |  37.5 |      21 |       6 |  22.2
            +---------+---------+-------+---------+---------+-------
        D:1 |      34 |       0 |   0.0 |      18 |       0 |   0.0
        D:2 |       6 |      24 |  80.0 |       3 |       6 |  66.7
            +---------+---------+-------+---------+---------+-------
